 Dungeon Crawl Stone Soup version 0.18-a0-965-g9200175 (webtiles) character file.

92 vatarom the Firebug (level 4, -3/25 HPs)
             Began as a Deep Elf Fire Elementalist on Jan 1, 2016.
             Slain by an orc
             ... wielding a +0 trident
              (4 damage)
             ... on level 3 of the Dungeon.
             The game lasted 00:07:17 (2421 turns).

vatarom the Firebug (Deep Elf Fire Elementalist)    Turns: 2421, Time: 00:07:17

Health: -3/25      AC:  7    Str:  6    XL:     4   Next: 35%
Magic:  8/10       EV: 13    Int: 20    God:
Gold:   55         SH:  0    Dex: 15    Spells: 3 memorised, 3 levels left

rFire  . . .     SeeInvis .     i - +2 quarterstaff (chaos)
rCold  . . .     Gourm    .     a - +2 robe
rNeg   . . .     Faith    .     (shield currently unavailable)
rPois  .         Spirit   .     (no helmet)
rElec  .         Dismiss  .     j - +2 cloak
rCorr  .         Reflect  .     (no gloves)
SustAt .         Harm     .     (no boots)
MR     .....                    (no amulet)
Stlth  ++........               (no ring)
                                (no ring)

@: not resistant to hostile enchantments, unstealthy
A: no striking features
a: no special abilities


You were on level 3 of the Dungeon.
You were not hungry.

You visited 1 branch of the dungeon, and saw 3 of its levels.

You collected 55 gold pieces.

Inventory:

Hand Weapons
 d - a +0 mace
 h - a +1 mace of draining
 i - a +2 quarterstaff of chaos (weapon)
Armour
 a - a +2 robe (worn)
 j - a +2 cloak (worn)
Scrolls
 c - 5 scrolls of identify
 e - a scroll of amnesia
Books
 b - a book of Flames

   Spells                             Type                      Level
   a - Flame Tongue                   Conjuration/Fire             1
   b - Throw Flame                    Conjuration/Fire             2
   c - Conjure Flame                  Conjuration/Fire             3
   d - Inner Flame                    Hexes/Fire                   3
   e - Sticky Flame                   Conjuration/Fire             4
   f - Fireball                       Conjuration/Fire             5
Comestibles
 f - 4 fruits
 g - 2 bread rations
 k - a royal jelly


   Skills:
 * Level 1.4 Fighting
 - Level 2.4 Dodging
 - Level 2.4 Stealth
 - Level 3.0 Spellcasting
 + Level 2.8 Conjurations
 + Level 4.3 Fire Magic


You had 3 spell levels left.
You knew the following spells:

 Your Spells              Type           Power        Failure   Level  Hunger
a - Flame Tongue          Conj/Fire      ###..        3%          1    None
b - Throw Flame           Conj/Fire      ###...       6%          2    ##.....
c - Conjure Flame         Conj/Fire      ###.....     12%         3    ###....


Dungeon Overview and Level Annotations

Branches:
Dungeon (3/15)

Altars:


Message History

Aim: an orc wizard, wielding a dagger and wearing a robe (moderately wounded, fast)
The flame tongue hits the orc wizard.
The orc wizard is severely wounded.
The orc wizard points at you and mumbles some strange words.
The puff of flame hits you!
* * * LOW HITPOINT WARNING * * *
The orc misses you. The orc wizard completely misses you.
You aren't carrying any potions.
Casting: Flame Tongue
Confirm with . or Enter, or press ? or * to list all spells.
Aiming: Flame Tongue
Press: ? - help, Shift-Dir - straight line, f/p - orc wizard
Aim: an orc wizard, wielding a dagger and wearing a robe (severely wounded, fast)
The flame tongue hits the orc wizard.
The orc wizard is almost dead.
The orc wizard casts a spell at you. The puff of frost hits you!
* * * LOW HITPOINT WARNING * * *
The orc hits you from afar with a trident.
You die...

#.##.## #..
###.....###[#
..........##.#
###.####..##.#
# #..##o#
###.####..##.#
.......#..##o#
##.#.....##o#
...........@.#
###.....#.####
#..#.##.#
#..#. #.# #.
#. #.# # #.
#.# #. #.# #.#


You could see an orc wizard and 2 orcs.

Vanquished Creatures
  Crazy Yiuf (D:2)
  An adder (D:2)
  A worm (D:1)
  2 giant geckos (D:1)
  2 orcs (D:3)
  2 giant cockroaches (D:1)
  4 hobgoblins
  5 jackals
  6 kobolds
  A quokka (D:2)
  A ball python (D:1)
  5 bats
  6 giant newts
  4 goblins (D:1)
  5 rats
46 creatures vanquished.

Notes
Turn   | Place    | Note
--------------------------------------------------------------
     0 | D:1      | vatarom the Deep Elf Fire Elementalist began the quest for the Orb.
     0 | D:1      | Reached XP level 1. HP: 10/10 MP: 6/6
   262 | D:1      | Reached XP level 2. HP: 10/15 MP: 2/8
   266 | D:1      | Learned a level 2 spell: Throw Flame
   798 | D:1      | Reached skill level 4 in Fire Magic
  1152 | D:1      | Reached XP level 3. HP: 20/20 MP: 7/9
  1928 | D:2      | Learned a level 3 spell: Conjure Flame
  1931 | D:2      | Noticed Crazy Yiuf
  1942 | D:2      | Killed Crazy Yiuf
  1942 | D:2      | Reached skill level 1 in Fighting
  1942 | D:2      | Reached XP level 4. HP: 25/25 MP: 0/10
  2421 | D:3      | HP: 1/25 [orc wizard/puff of frost (1)]
  2421 | D:3      | Slain by an orc

Vault maps used:
D:1:      nicolae_arrival_somewhat_less_tricky_arrival, serial_bayou_ford_a
D:2:      uniq_crazy_yiuf_cottage
D:3:      old_standard_altar, cheibriados_altar_wand_db,
          amethyst_overflow_temple_binary

Action                   |  1- 3 |  4- 6 || total
-------------------------+-------+-------++-------
Melee: Dagger            |    26 |       ||    26
       Unarmed           |     7 |       ||     7
       Quarterstaff      |       |    23 ||    23
 Cast: Flame Tongue      |    64 |    11 ||    75
       Throw Flame       |     4 |       ||     4
       Conjure Flame     |     2 |     1 ||     3
  Use: Scroll            |     6 |       ||     6
       Potion            |     1 |       ||     1
 Stab: Sleeping          |     1 |     1 ||     2
       Confused          |       |     1 ||     1
  Eat: Bread ration      |     1 |       ||     1
       Fruit             |       |     1 ||     1
